 Dungeon Sprint DCSS version 0.28.0 (webtiles) character file.

Game seed: 7103639131082190168

489 boopmooplesden the Fighter (level 6, -3/67 HPs)
             Began as a Minotaur Fighter on Feb 7, 2022.
             Succumbed to a scorpion's poison
             ... in the Dungeon (Sprint II: "The Violet Keep of Menkaure").
             The game lasted 00:00:29 (91 turns).

boopmooplesden the Fighter (Minotaur Fighter)         Turns: 91, Time: 00:00:30

Health: -3/67      AC:  8    Str: 20    XL:     6   Next: 90%
Magic:  5/5        EV:  9    Int:  5    God:
Gold:   243        SH:  6    Dex: 12    Spells: 5/5 levels left

rFire   . . .      SeeInvis .   a - +0 long sword
rCold   . . .      Faith    .   c - +0 buckler
rNeg    . . .      Spirit   .   b - +0 scale mail
rPois   .          Reflect  .   (helmet restricted)
rElec   .          Harm     .   (no cloak)
rCorr   .          Rampage  .   (no gloves)
Will    .....      NoTele   +   (no boots)
Stlth   ..........              (no amulet)
HPRegen 0.21/turn               (no ring)
MPRegen 0.09/turn               (no ring)

@: lethally poisoned (-3 -> -28)
A: horns 2, retaliatory headbutt
a: no special abilities


You were in the Dungeon.
You visited 1 branch You collected 243 gold pieces.

Inventory:

Hand Weapons
 a - a +0 long sword (weapon)
Armour
 b - a +0 scale mail (worn)
 c - a +0 buckler (worn)
Scrolls
 j - a scroll of blinking
Potions
 g - a potion of haste
 h - 2 potions of magic
 i - a potion of berserk rage


   Skills:
 + Level 10.3 Fighting
 + Level 7.4 Long Blades
 + Level 10.1 Armour
 + Level 9.8 Shields


You had 5 spell levels left.
You didn't know any spells.
Your spell library was empty.

Dungeon Overview and Level Annotations

Branches:
Dungeon (1/1)

Altars:


Innate Abilities, Weirdness & Mutations

You have a pair of horns on your head.
You reflexively headbutt those who attack you in melee.


Message History

The scorpion is moderately wounded.
You feel very sick. The scorpion stings you.
You are lethally poisoned!
The scorpion poisons you!
You hit the scorpion but do no damage.
You headbutt the scorpion, but do no damage.
The scorpion is moderately wounded.
* * * LOW HITPOINT WARNING * * *
You feel very sick. The scorpion stings you.
* * * LOW HITPOINT WARNING * * *
You feel much better.
You feel very sick. The scorpion stings you.
You hit the scorpion. Your headbutt misses the scorpion.
The scorpion is heavily wounded.
You feel very sick.
The scorpion stings you but does no damage.
The scorpion stings you.
* * * LOW HITPOINT WARNING * * *
You are lethally poisoned!
The scorpion poisons you!
You hit the scorpion but do no damage.
The scorpion is heavily wounded.
* * * LOW HITPOINT WARNING * * *
You feel very sick. The scorpion stings you.
* * * LOW HITPOINT WARNING * * *
You are more poisoned.
The scorpion poisons you!
Okay, then.
You hit the scorpion but do no damage. You headbutt the scorpion!
You kill the scorpion!
* * * LOW HITPOINT WARNING * * *
You feel extremely sick. The scorpion barely misses you.
Your Armour skill increases to level 10!
You barely miss the scorpion. Your headbutt misses the scorpion.
You die...

### ###
.. .. .#.
###
#s###.##
##@##...#
+.<.')#.+
##.##...#
#+###.##
###


You could see a scorpion.

Vanquished Creatures
  A merfolk siren (D)
  3 scorpions (D)
4 creatures vanquished.

Vanquished Creatures (others)
  Menkaure (D)
1 creature vanquished.

Grand Total: 5 creatures vanquished

Notes
Turn   | Place    | Note
-------+----------+-------------------------------------------
     0 | D        | boopmooplesden the Minotaur Fighter began the quest for the
                  | Orb.
     0 | D        | Reached XP level 1. HP: 19/19 MP: 0/0
     1 | D        | Noticed a merfolk siren
     8 | D        | Killed a merfolk siren
     9 | D        | Reached XP level 2. HP: 26/37 MP: 1/1
     9 | D        | Reached XP level 3. HP: 30/42 MP: 2/2
     9 | D        | Reached XP level 4. HP: 35/50 MP: 3/3
     9 | D        | Reached XP level 5. HP: 40/57 MP: 4/4
     9 | D        | Reached XP level 6. HP: 45/63 MP: 5/5
    31 | D        | Killed Menkaure
    78 | D        | Reached skill level 10 in Fighting
    90 | D        | HP: 2/66 [poisoned by a scorpion]
    91 | D        | Reached skill level 10 in Armour
    91 | D        | Succumbed to a scorpion's poison

Illustrated notes

Levels and vault maps discovered:
D:        the_violet_keep_of_menkaure [sprint2_stairs_cluster_1,
          sprint2_shoproom, sprint2_temple, sprint2_basic_supplies,
          sprint2_obstacle_4, sprint2_obstacle_5, sprint2_obstacle_1,
          sprint2_obstacle_2, sprint2_obstacle_3, sprint2_timed_cluster_1,
          sprint2_smallroom_cluster_1, sprint2_smallroom_final_cluster_1,
          sprint2_transparent_cluster_1, sprint2_second_timed_cluster_1,
          sprint2_sniper_area_1, sprint2_heavy_combat_area_1,
          sprint2_mutation_trap_area_1, sprint2_forest_area_1,
          sprint2_light_combat_area_1, sprint2_behind_water_1,
          sprint2_near_end_vault_1]

Skill      XL: |  1  2  3  4  5  6 |
---------------+-------------------+-----
Fighting       | 9 10 | 10.3
Long Blades    | 6 7 |  7.4
Armour         | 9 10 | 10.1
Shields        | 8 9 |  9.8

Action                   |  1- 3 |  4- 6 || total
-------------------------+-------+-------++-------
Melee: Long sword        |     5 |    22 ||    27
       Headbutt          |     1 |     5 ||     6
  Use: Potion            |     1 |     2 ||     3
Armor: Scale mail        |       |     3 ||     3
Dodge: Dodged            |     1 |    13 ||    14
Block: Buckler           |     2 |       ||     2
